Map: Frozen Temple

Players

Minato - Winner!

  • Race: Zerg Zerg
  • League: Master

Miszu

  • Race: Terran Terran
  • League: Master

VOD

Have the link to the VOD?

Description

Time

  • Played on: May 1, 2016, 4:57 p.m.
  • Length: 10:14
Show
View Real Time Build Order
Export as new Build Order

Minato Zerg - Winner!

Build Orders: Hatch First 

Get SALT Encoding   

  12  0:01  Drone  
  13  0:12  Overlord  
  13  0:17  Drone  
  14  0:31  Drone x2  
  14  0:35  Drone  
  17  0:52  Hatchery  
  17  0:55  Drone  
  17  0:58  Drone  
  18  1:09  Extractor  
  17  1:13  Spawning Pool  
  17  1:15  Drone  
  17  1:19  Drone  
  18  1:28  Drone  
  19  1:39  Overlord  
  19  1:49  Drone  
  20  1:59  Queen  
  20  2:00  Zergling x2  
  23  2:04  Queen  
  23  2:05  Zergling x2  
  26  2:12  Metabolic Boost  
  26  2:15  Drone x2  
  28  2:28  Spore Crawler  
  28  2:29  Drone x2  
  29  2:34  Drone  
  29  2:35  Queen  
  33  2:41  Queen  
  34  2:45  Overlord  
  34  2:47  Drone  
  35  2:53  Overlord  
  35  3:11  Spore Crawler  
  35  3:19  Drone  
  37  3:20  Drone x2  
  37  3:22  Zergling x4  
  37  3:25  Drone x5  
  45  3:30  Overlord  
  45  3:36  Roach Warren  
  45  3:40  Hatchery  
  43  3:49  Drone x2  
  43  3:50  Extractor, Drone x4  
  43  3:52  Extractor  
  43  3:55  Drone  
  48  3:56  Drone x2  
  50  4:03  Overlord x2  
  50  4:21  Roach x5  
  50  4:22  Roach  
  62  4:24  Drone  
  62  4:26  Drone x2  
  65  4:31  Overlord  
  65  4:34  Drone x2  
  67  4:42  Ravager  
  67  4:43  Ravager  
  69  4:50  Ravager  
  70  4:58  Drone x10  
  80  5:01  Drone  
  80  5:04  Drone  
  82  5:13  Overlord x2  
  82  5:14  Overlord  
  82  5:16  Lair  
  82  5:17  Evolution Chamber  
  82  5:18  Evolution Chamber  
  82  5:19  Extractor  
  82  5:20  Drone  
  80  5:23  Overlord  
  80  5:34  Drone x10  
  90  5:37  Extractor x2  
  90  5:42  Drone x2  
  90  5:43  Drone  
  90  5:49  Hatchery  
  90  5:52  Zerg Melee Weapons Level 1, Zerg Ground Armor Level 1  
  90  6:07  Overlord x2  
  90  6:08  Zergling x8, Hatchery  
  90  6:09  Zergling x2  
  94  6:13  Zergling x6  
  94  6:15  Zergling x4  
  99  6:20  Infestation Pit  
  99  6:22  Zergling x4  
  99  6:23  Ravager x3  
  103  6:33  Glial Reconstitution  
  103  6:35  Zergling x10  
  108  6:45  Overlord x3  
  108  6:49  Overlord  
  108  6:50  Overlord x2  
  108  6:58  Hive, Infestor x2  
  108  7:00  Infestor x2  
  116  7:14  Drone x11  
  127  7:23  Drone x3  
  130  7:38  Drone x4  
  130  7:39  Drone x5  
  130  7:41  Extractor x2  
  136  7:47  Overlord x2  
  136  7:48  Zergling x14  
  143  7:58  Overlord x2  
  142  8:04  Zergling x2  
  142  8:05  Zergling x18  
  152  8:10  Overseer x2  
  152  8:11  Overseer  
  152  8:15  Adrenal Glands  
  152  8:16  Ultralisk Cavern  
  151  8:20  Zergling x2  
  151  8:21  Zergling x10  
  157  8:29  Zergling x18  
  157  8:32  Zergling x6  
  169  8:46  Overseer  
  169  8:52  Spore Crawler  
  169  8:53  Spore Crawler  
  166  9:06  Ultralisk x4  
  166  9:07  Ultralisk  
  193  9:10  Ultralisk  
  190  9:24  Ultralisk x2  
  179  9:30  Ultralisk  
  191  9:33  Zergling x6  
  191  9:37  Zergling x8  
  191  9:38  Zergling x2  
Show
View Real Time Build Order
Export as new Build Order

Miszu Terran 

Build Orders: Liberator Opening, Reaper Expand, MMM Bio 

Get SALT Encoding   

  12  0:00  SCV  
  13  0:12  SCV  
  14  0:17  Supply Depot  
  14  0:24  SCV  
  15  0:39  SCV  
  15  0:40  Barracks  
  16  0:45  Refinery  
  16  0:51  SCV  
  17  1:03  SCV  
  18  1:15  SCV  
  19  1:27  Orbital Command  
  19  1:29  Reaper  
  20  1:41  Command Center  
  20  1:49  Supply Depot  
  20  1:53  SCV  
  21  1:57  Refinery  
  21  2:02  Marine  
  21  2:06  SCV  
  23  2:13  Factory  
  23  2:18  SCV  
  24  2:30  SCV  
  25  2:37  Barracks Reactor  
  25  2:42  SCV  
  26  2:53  Orbital Command  
  26  2:54  SCV  
  26  2:56  Bunker  
  26  2:57  Starport  
  26  2:58  Factory Tech Lab  
  27  3:06  SCV  
  28  3:18  SCV  
  29  3:20  Marine x2, Liberator  
  29  3:22  Siege Tank  
  29  3:23  SCV  
  35  3:33  SCV  
  36  3:40  Supply Depot  
  36  3:41  SCV  
  40  3:45  SCV  
  40  3:53  SCV  
  41  3:57  SCV  
  41  4:01  Command Center  
  42  4:05  SCV  
  42  4:09  Liberator, SCV  
  44  4:10  Supply Depot  
  44  4:16  Refinery  
  44  4:17  Refinery, SCV  
  44  4:18  Siege Tank  
  44  4:21  SCV  
  49  4:29  SCV  
  53  4:34  SCV  
  53  4:37  Barracks  
  54  4:38  Barracks  
  54  4:41  SCV  
  55  4:46  SCV  
  55  4:47  Marine x2  
  58  4:53  SCV  
  58  4:58  SCV  
  58  4:59  Engineering Bay x2  
  60  5:05  SCV  
  60  5:06  Marine  
  62  5:10  Marine  
  62  5:11  SCV  
  64  5:14  Orbital Command  
  64  5:15  Starport Reactor  
  62  5:24  Barracks  
  62  5:25  Barracks  
  62  5:26  Barracks Tech Lab x2  
  61  5:29  Terran Infantry Weapons Level 1, Terran Infantry Armor Level 1  
  61  5:31  SCV  
  61  5:34  SCV  
  64  5:45  Orbital Command  
  64  5:49  Marine x3, Stimpack, Combat Shields  
  64  5:50  Marine  
  64  5:52  Medivac x2  
  64  5:53  SCV  
  72  5:59  SCV  
  73  6:05  SCV  
  73  6:07  Marine x3  
  73  6:08  Supply Depot x2  
  73  6:11  SCV  
  76  6:14  SCV  
  77  6:19  Barracks Reactor x2  
  77  6:23  Barracks  
  77  6:26  Barracks  
  77  6:27  Barracks  
  77  6:30  SCV x3  
  80  6:40  Marine x4  
  80  6:42  SCV  
  80  6:43  Medivac x2  
  80  6:44  SCV x2  
  91  6:53  Supply Depot  
  91  6:54  SCV  
  92  6:55  Supply Depot x2  
  92  6:56  SCV  
  93  7:01  Refinery  
  93  7:06  Armory  
  93  7:08  Supply Depot  
  93  7:10  Supply Depot  
  93  7:14  Barracks Reactor  
  93  7:15  Marine x4, Marauder, SCV x2  
  101  7:16  Marine x2  
  101  7:17  Marauder  
  101  7:19  Marine x2  
  102  7:32  Medivac x2  
  102  7:34  Marine x2  
  102  7:35  Marine x4  
  114  7:37  Marine, Marauder  
  115  7:47  Supply Depot  
  115  7:48  Supply Depot  
  115  7:50  Barracks Reactor x2  
  115  7:51  Marine  
  114  7:52  Marine x3, Barracks Tech Lab x2  
  114  7:53  Marine x3  
  114  7:54  Marine  
  114  7:56  Marauder  
  114  7:58  Marauder  
  125  8:08  Marine  
  125  8:10  Marine x3  
  125  8:12  Supply Depot  
  129  8:13  Marauder x2  
  129  8:17  Marine, Marauder  
  129  8:18  Marine  
  137  8:20  Marine  
  137  8:22  Marauder  
  137  8:25  Marine  
  137  8:26  Marine  
  142  8:27  Medivac  
  142  8:30  Medivac  
  146  8:35  Marine x3  
  146  8:38  Supply Depot  
  146  8:39  Supply Depot  
  146  8:40  Supply Depot  
  149  8:41  Marine  
  149  8:42  Marine, Marauder  
  149  8:43  Marine  
  149  8:44  Marine  
  155  9:00  Marauder  
  143  9:15  Marine  
  142  9:23  Bunker, Marine  
  142  9:24  Marine x10  
  143  9:26  Medivac x2  
  157  9:32  Marine  
  158  9:41  Marine  
  158  9:42  Marine x8, Marauder x2  
  158  9:43  Supply Depot  
  171  9:50  Marine  
  171  9:59  Bunker, SCV  
Tags
 
Add a new tag
Caveats
  • Supply blocks, unpowered buildings, or Contaminate may cause inaccurate times.
  • Supply counts are checked every 10 seconds.